 Dungeon Crawl Stone Soup version 0.27.1-3-gb3d3a73c9e (webtiles) character file.

Game seed: 13831885040419678442

240 khargal the Poker (level 5, -1/46 HPs)
             Began as a Draconian Monk on Oct 19, 2021.
             Slain by Grinder (5 damage)
             ... while paralysed by Grinder
             ... on level 4 of the Dungeon.
             The game lasted 00:04:27 (3205 turns).

khargal the Poker (Draconian Monk)                  Turns: 3205, Time: 00:04:28

Health: -1/46      AC:  5    Str: 14    XL:     5   Next: 80%
Magic:  5/5        EV:  2    Int: 11    God:
Gold:   133        SH:  0    Dex: 13    Spells: 4/4 levels left

rFire    . . .     SeeInvis .   a - +0 spear
rCold    . . .     Faith    .   (no shield)
rNeg     . . .     Spirit   .   (armour unavailable)
rPois    .         Reflect  .   (helmet restricted)
rElec    .         Harm     .   (no cloak)
rCorr    .         Rampage  .   (no gloves)
Will     .....                  (no boots)
Stlth    ++........             (no amulet)
HPRegen  0.15/turn              (no ring)
MPRegen  0.09/turn              (no ring)

@: paralysed
A: AC +5, unfitting armour, cold-blooded
a: no special abilities


You were on level 4 of the Dungeon.
You visited 1 branch of the dungeon, and saw 4 of its levels.

You collected 133 gold pieces.

Inventory:

Hand Weapons
 a - a +0 spear (weapon)
Jewellery
 f - a +6 ring of strength
Wands
 k - a wand of mindburst (9)
Scrolls
 b - a scroll of enchant weapon {unknown}
 d - 3 scrolls of identify {unknown}
 e - a scroll of immolation {unknown}
 h - a scroll of summoning {unknown}
 j - a scroll of teleportation {unknown}
 l - a scroll of blinking {unknown}
Potions
 c - a potion of haste
 g - a potion of attraction {unknown}
 i - a potion of lignification {unknown}
 m - a potion of mutation {unknown}


   Skills:
 + Level 4.3 Fighting
 + Level 4.8 Polearms
 + Level 3.5 Dodging
 + Level 3.0 Stealth


You had 4 spell levels left.
You didn't know any spells.
Your spell library was empty.

Dungeon Overview and Level Annotations

Branches:
Dungeon (4/15)
 Temple: D:4-7

Altars:
Cheibriados

Annotations:
D:2 1 runed translucent door, Crazy Yiuf
D:4 Grinder


Innate Abilities, Weirdness & Mutations

Your plain brown scales are hard. (AC +5)
You cannot fit into any form of body armour.
You are cold-blooded and may be slowed by cold attacks.


Message History

Grinder gestures at you.
You shrug off the repeated paralysis!
You hit Grinder.
Grinder is moderately wounded.
Grinder hits you but does no damage.
You hit Grinder.
Grinder is heavily wounded.
Grinder hits you but does no damage.
You closely miss Grinder.
Grinder is heavily wounded.
You closely miss Grinder.
Grinder is heavily wounded.
Grinder hits you.
* * * LOW HITPOINT WARNING * * *
You writhe in agony.
* * * LOW HITPOINT WARNING * * *
You hit Grinder but do no damage.
Grinder is heavily wounded.
Grinder hits you but does no damage.
You hit Grinder but do no damage.
Grinder is heavily wounded.
Grinder gestures at you. Pain shoots through your body!
* * * LOW HITPOINT WARNING * * *
You hit Grinder.
Grinder is heavily wounded.
Grinder hits you but does no damage.
You hit Grinder but do no damage.
You tail-slap Grinder, but do no damage.
Grinder is heavily wounded.
Grinder gestures at you.
You suddenly lose the ability to move!
Grinder hits you but does no damage. Grinder barely misses you.
Grinder gestures at you.
You barely resist. Grinder hits you.
* * * LOW HITPOINT WARNING * * *
You writhe in agony.
You die...

#.#
#.#.#
#.#.#
#.#.#
#.#.#
#.#.#
#.#.#
#5#.#
#@#.#
#.#.#
#)#.#
#...#
#####


You could see Grinder.

Vanquished Creatures
  An ogre (D:4)
  An iguana (D:4)
  5 adders
  A worm (D:2)
  4 dart slugs
  2 orcs
  3 ball pythons
  5 endoplasms
  4 giant cockroaches
  11 hobgoblins
  7 kobolds
  3 quokkas
  9 bats
  5 frilled lizards
  6 goblins
  4 rats
71 creatures vanquished.

Notes
Turn   | Place    | Note
-------+----------+-------------------------------------------
     0 | D:1      | khargal the Draconian Monk began the quest for the Orb.
     0 | D:1      | Reached XP level 1. HP: 19/19 MP: 1/1
    82 | D:1      | Found a faded altar of an unknown god.
    93 | D:1      | Reached XP level 2. HP: 26/26 MP: 2/2
   477 | D:1      | Reached XP level 3. HP: 24/33 MP: 3/3
   672 | D:1      | You fall into a shaft and drop 1 floor!
  1292 | D:2      | Found a runed translucent door.
  1293 | D:2      | Noticed Crazy Yiuf
  1962 | D:3      | Reached XP level 4. HP: 40/40 MP: 4/4
  2400 | D:3      | Found a snail-covered altar of Cheibriados.
  2635 | D:4      | HP: 2/40 [frozen (1)]
  2833 | D:4      | Noticed an ogre
  2834 | D:4      | Reached XP level 5. HP: 45/46 MP: 5/5
  2885 | D:4      | Killed an ogre
  3173 | D:4      | Noticed Grinder
  3178 | D:4      | Paralysed by Grinder for 4 turns
  3185 | D:4      | Paralysed by Grinder for 6 turns
  3201 | D:4      | Paralysed by Grinder for 4 turns
  3205 | D:4      | Slain by Grinder

Illustrated notes

Levels and vault maps discovered:
D:1:      eino_arrival_tree_alley, layout_basic, ebering_ecumenical_altar_mist,
          hangedman_abyss_or_decor_stabs, chequers_serial_rivers_small_b
D:2:      layout_basic, uniq_crazy_yiuf_cottage
D:3:      layout_loops_ring, kennysheep_slug_shrine,
          chequers_serial_rivers_micro_b, minmay_misc_feat_cross
D:4:      layout_rooms, minmay_fractal_squares_diagonal_5, uniq_grinder

Skill      XL: |  1  2  3  4  5 |
---------------+----------------+-----
Stealth        | 2 3 |  3.0
Dodging        | 3 |  3.5
Polearms       | 4 |  4.8
Fighting       | 4 |  4.3

Action                   |  1- 3 |  4- 6 || total
-------------------------+-------+-------++-------
Melee: Spear             |   172 |   126 ||   298
       Tailslap          |    11 |    19 ||    30
  Use: Potion            |       |     3 ||     3
 Stab: Sleeping          |     9 |       ||     9
Armor: Skin              |    50 |    42 ||    92
Dodge: Dodged            |    80 |    56 ||   136
